 Dungeon Crawl Stone Soup version 0.23.2-33-g5129a83 (webtiles) character file.

Game seed: 389212791790642463

8446 Dharzhak the Cleaver (level 11, -3/94 HPs)
             Began as a Minotaur Fighter on July 31, 2019.
             Was an Elder of Qazlal.
             Killed from afar by a ynoxinul (27 damage)
             ... with an iron shot
             ... summoned by an orc sorcerer
             ... while paralysed by an orc sorcerer
             ... on level 2 of the Orcish Mines on Aug 1, 2019.
             The game lasted 00:31:01 (8621 turns).

Dharzhak the Cleaver (Minotaur Fighter)             Turns: 8621, Time: 00:31:02

Health: -3/94      AC: 19    Str: 24    XL:     11   Next: 10%
Magic:  13/13      EV:  2    Int:  5    God:    Qazlal [****..]
Gold:   330        SH:  0    Dex: 10    Spells: 10/10 levels left

rFire    . . .     SeeInvis .   a - +0 war axe
rCold    . . .     Gourm    .   k - +0 large shield
rNeg     . . .     Faith    .   G - +0 plate armour
rPois    .         Spirit   .   (helmet restricted)
rElec    .         Reflect  .   (no cloak)
rCorr    .         Harm     .   g - +0 pair of gloves
MR       .....                  H - +0 pair of boots
Stlth    ..........             (no amulet)
HPRegen  0.25/turn              y - +3 ring of protection
MPRegen  0.13/turn              (no ring)

@: paralysed, repel missiles
A: retaliatory headbutt, horns 2
a: Upheaval, Elemental Force, Renounce Religion


You were on level 2 of the Orcish Mines.
You worshipped Qazlal.
Qazlal was greatly pleased with you.
You were very hungry.

You visited 2 branches of the dungeon, and saw 11 of its levels.

You collected 1093 gold pieces.
You spent 763 gold pieces at shops.

Inventory:

Hand Weapons
 a - a +0 war axe (weapon)
Missiles
 b - 2 silver tomahawks (quivered)
 x - 18 tomahawks
 C - 5 tomahawks of returning
Armour
 g - a +0 pair of gloves (worn)
 k - a +0 large shield (worn)
 G - a +0 plate armour (worn)
 H - a +0 pair of boots (worn)
 I - a +0 chain mail of fire resistance
Jewellery
 y - a +3 ring of protection (left hand)
Wands
 B - a wand of polymorph (3)
 E - a wand of random effects (19)
Scrolls
 c - 2 scrolls of torment
 i - 2 scrolls of fog
 j - 3 scrolls of fear
 m - 2 scrolls of remove curse
 p - 4 scrolls of blinking
 q - 2 scrolls of teleportation
 r - 3 scrolls of enchant armour
 t - 2 scrolls of immolation
 w - a scroll of summoning
 z - a scroll of noise {unknown}
 A - 2 scrolls of magic mapping {unknown}
 D - 2 scrolls of enchant weapon {unknown}
Potions
 e - a potion of magic
 h - a potion of agility
 l - a potion of haste
 n - 4 potions of flight
 o - 3 potions of lignification
 s - a potion of berserk rage
 u - a potion of mutation
 v - 3 potions of heal wounds
Comestibles
 f - 20 rations


   Skills:
 * Level 8.2 Fighting
 * Level 11.9 Axes
 + Level 0.4 Throwing
 * Level 8.5 Armour
 * Level 5.7 Dodging
 * Level 10.4 Shields
 * Level 4.8 Invocations


You had 10 spell levels left.
You didn't know any spells.
Your spell library contained the following spells:

 Spells                   Type           Power        Failure   Level  Hunger
 Corona                   Hex            #......      100%        1    ##.....
 Ensorcelled Hibernation  Hex/Ice        #.....       100%        2    ###....
 Confuse                  Hex            #.......     100%        3    ####...
 Dazzling Spray           Conj/Hex       #.....       100%        3    ####...
 Tukima's Dance           Hex            #.......     100%        3    ####...
 Bolt of Magma            Conj/Fire/Erth #.........   100%        5    ######.
 Iskenderun's Battlesphe  Conj/Chrm      #.......     100%        5    ######.
 Venom Bolt               Conj/Pois      #.........   100%        5    ######.
 Iron Shot                Conj/Erth      #.........   100%        6    #######
 Orb of Destruction       Conj           #.........   100%        7    #######
 Spellforged Servitor     Conj/Summ      #.........   100%        7    #######


Dungeon Overview and Level Annotations

Branches:
Dungeon (9/15)             Temple (0/1) D:5             Orc (2/2) D:9
   Lair: D:8-11         Elf: Orc:2

Altars:
Cheibriados
Qazlal
Trog
Yredelemnul
The Shining One

Shops:
D:6 :   D:7 !   Orc:1 ?

Annotations:
D:9 1 runed translucent door


Innate Abilities, Weirdness & Mutations

You reflexively headbutt those who attack you in melee.
You have a pair of horns on your head.


Message History

You hear a shout!
You hear two shouts!
The orc warrior hits you but does no damage.
The orc priest looks satisfied for a moment.
The orc knight roars a battlecry!
The orcs go into a battle-frenzy!
An orc warrior comes into view. It is wielding a +0 long sword.
The orc warlord roars a battlecry!
The orcs go into a battle-frenzy!
The orc warrior hits you with a +0 mace!!
An orc wizard comes into view.
It is wielding a +0 dagger and wearing a +2 robe of magic resistance.
The orc sorcerer casts a spell at you.
You hear a sizzling sound!
The orc warlord roars a battlecry!
The orc warrior hits you from afar with a +1 halberd of chopping!
* * * LOW HITPOINT WARNING * * *
x2 You hear a shout!
An orc comes into view. It is wielding a +0 whip.
The ynoxinul gestures at you. The iron shot hits you!!
You die...

...o......
.o........
#.$.......
##.o$$.....
#..........
#..........
##.o....#..
#<@oo.h..o.
#°○.ho...o.
#..☼.......
##.3...o...
..........
#.o........
#..........
##.........
#.........


You could see an orc warlord, an orc knight, a ynoxinul, 2 wargs, an orc
sorcerer, 4 orc warriors, an orc priest, an orc wizard and 2 orcs.

Vanquished Creatures
  A two-headed ogre (D:9)
  2 trolls
  2 hornets
  Prince Ribbit (D:7)
  3 hippogriffs
  Sigmund (D:6)
  5 yaks (D:7)
  A hungry ghost (D:7)
  A warg (Orc:1)
  2 soldier ants (D:8)
  2 black bears
  An ice beast (D:8)
  8 orc warriors
  3 sky beasts
  12 ogres
  A phantom (D:6)
  2 necrophages
  4 centaurs
  2 bullfrogs
  3 scorpions
  4 wights (D:6)
  A killer bee (D:9)
  3 howler monkeys
  A centaur zombie (D:9)
  2 crimson imps
  A hound (D:8)
  13 orc priests
  A centaur skeleton (D:7)
  2 gnoll shamans
  2 iguanas (D:7)
  6 orc wizards
  8 worker ants
  A hound zombie (D:8)
  A worker ant zombie (D:3)
  22 gnolls
  7 adders
  A shadow imp (D:8)
  5 oozes
  An adder zombie (D:7)
  An adder skeleton (D:5)
  5 worms
  2 dart slugs (D:2)
  6 leopard geckos
  39 orcs
  3 ball pythons
  14 bats
  10 giant cockroaches
  10 goblins
  6 hobgoblins
  17 jackals
  4 kobolds
  3 quokkas
  5 frilled lizards
  4 jackal zombies
  2 leopard gecko skeletons
  A quokka skeleton (D:9)
  A quokka zombie (D:6)
  9 rats
  2 butterflies (D:9)
283 creatures vanquished.

Notes
Turn   | Place    | Note
-------+----------+-------------------------------------------
     0 | D:1      | Dharzhak the Minotaur Fighter began the quest for the Orb.
     0 | D:1      | Reached XP level 1. HP: 19/19 MP: 0/0
   251 | D:1      | Reached XP level 2. HP: 20/27 MP: 1/1
   365 | D:1      | Reached skill level 3 in Axes
   405 | D:1      | Reached XP level 3. HP: 32/33 MP: 2/2
   903 | D:2      | Reached XP level 4. HP: 31/40 MP: 3/3
  1067 | D:2      | Found a snail-covered altar of Cheibriados.
  1113 | D:2      | You fall through a shaft for 2 floors!
  1154 | D:3      | Reached skill level 4 in Axes
  1207 | D:3      | Reached XP level 5. HP: 18/46 MP: 4/4
  1491 | D:2      | Found a stormy altar of Qazlal.
  1653 | D:2      | Became a worshipper of Qazlal Stormbringer
  1703 | D:3      | Reached skill level 1 in Dodging
  1885 | D:3      | Reached skill level 5 in Shields
  1894 | D:3      | Reached skill level 5 in Axes
  2361 | D:4      | Reached * piety under Qazlal
  2361 | D:4      | Reached XP level 6. HP: 53/53 MP: 5/5
  2821 | D:5      | Entered Level 5 of the Dungeon
  2856 | D:5      | Reached skill level 1 in Invocations
  2963 | D:5      | Reached XP level 7. HP: 57/60 MP: 6/6
  2965 | D:5      | Reached skill level 5 in Armour
  3036 | D:5      | Reached skill level 6 in Axes
  3088 | D:5      | Reached skill level 5 in Fighting
  3215 | D:5      | Noticed a human
  3217 | D:5      | Found a runed translucent door.
  3315 | D:5      | Found a basalt altar of Yredelemnul.
  3391 | D:5      | Reached skill level 7 in Axes
  3503 | D:5      | Reached XP level 8. HP: 67/67 MP: 8/8
  3630 | D:5      | Found a staircase to the Ecumenical Temple.
  3818 | D:6      | Found a glowing golden altar of the Shining One.
  3833 | D:6      | Reached ** piety under Qazlal
  4047 | D:6      | Noticed Sigmund
  4057 | D:6      | Killed Sigmund
  4057 | D:6      | Reached skill level 8 in Axes
  4387 | D:6      | Reached XP level 9. HP: 55/74 MP: 10/10
  4485 | D:6      | Found Anuufoun's Book Boutique.
  4847 | D:7      | Reached skill level 9 in Axes
  5158 | D:7      | Paralysed by a hornet for 3 turns
  5175 | D:7      | Paralysed by a hornet for 2 turns
  5202 | D:7      | Noticed Prince Ribbit
  5211 | D:7      | Killed Prince Ribbit
  5211 | D:7      | Reached skill level 10 in Axes
  5560 | D:7      | Found Unguaxun's Distillery.
  5569 | D:7      | Reached XP level 10. HP: 86/86 MP: 11/11
  5576 | D:7      | Bought a potion of agility for 64 gold pieces
  5576 | D:7      | Bought a potion of heal wounds for 80 gold pieces
  5576 | D:7      | Bought a potion of heal wounds for 80 gold pieces
  5576 | D:7      | Bought a potion of heal wounds for 80 gold pieces
  5729 | D:7      | Reached *** piety under Qazlal
  6119 | D:8      | Reached skill level 5 in Dodging
  6404 | D:8      | Found a bloodstained altar of Trog.
  6790 | D:9      | Found a runed translucent door.
  6799 | D:9      | Found a runed translucent door.
  6831 | D:9      | Reached skill level 11 in Axes
  7211 | D:9      | Reached **** piety under Qazlal
  7226 | D:9      | Noticed a two-headed ogre
  7233 | D:9      | Killed a two-headed ogre
  7233 | D:9      | Reached skill level 10 in Shields
  7674 | D:9      | Found a staircase to the Orcish Mines.
  7854 | Orc:1    | Entered Level 1 of the Orcish Mines
  7895 | Orc:1    | Reached XP level 11. HP: 60/94 MP: 13/13
  8448 | Orc:1    | Found Hyruremp's Magic Scroll Shoppe.
  8457 | Orc:1    | Bought a scroll of summoning for 171 gold pieces
  8457 | Orc:1    | Bought a scroll of identify for 36 gold pieces
  8457 | Orc:1    | Bought a scroll of identify for 36 gold pieces
  8457 | Orc:1    | Bought a scroll of enchant armour for 135 gold pieces
  8457 | Orc:1    | Bought a scroll of immolation for 63 gold pieces
  8457 | Orc:1    | Bought a scroll of random uselessness for 18 gold pieces
  8611 | Orc:2    | Entered Level 2 of the Orcish Mines
  8614 | Orc:2    | Noticed an orc sorcerer
  8616 | Orc:2    | Noticed an orc knight
  8617 | Orc:2    | Noticed an orc warlord
  8618 | Orc:2    | Paralysed by an orc sorcerer for 5 turns
  8621 | Orc:2    | Killed from afar by a ynoxinul

Skill      XL: |  1  2  3  4  5  6  7  8  9 10 |
---------------+-------------------------------+-----
Fighting       | 4 5 6 7 8 |  8.2
Shields        | 4 5 6 7 8 10 | 10.4
Axes           | 3 4 5 7 8 10 11 | 11.9
Armour         | 4 5 6 7 8 |  8.5
Dodging        | 1 2 3 4 5 |  5.7
Invocations    | 1 2 3 4 |  4.8
Throwing       | |  0.4

Action                   |  1- 3 |  4- 6 |  7- 9 | 10-12 || total
-------------------------+-------+-------+-------+-------++-------
Melee: War axe           |    70 |   153 |   241 |   314 ||   778
       Headbutt          |     9 |    31 |    44 |    57 ||   141
Throw: Tomahawk          |       |       |     5 |       ||     5
Invok: Upheaval          |       |       |     2 |       ||     2
  Use: Scroll            |       |     7 |     2 |     8 ||    17
       Potion            |       |       |     4 |     1 ||     5
  Eat: Chunk             |       |     7 |     8 |     9 ||    24
       Ration            |       |       |     1 |       ||     1
Armor: Scale mail        |    27 |       |       |       ||    27
       Chain mail        |    14 |    78 |    47 |       ||   139
       Plate armour      |       |       |    41 |   101 ||   142
Dodge: Dodged            |    33 |    46 |    50 |    33 ||   162
       Deflected         |       |       |       |     1 ||     1
Block: Shield            |    35 |    97 |   188 |    89 ||   409
       Large shield      |       |       |       |   252 ||   252
